 Dungeon Crawl Stone Soup version 0.29.0-11-gd7f09526c8 (webtiles) character file.

Game seed: 17438569749186580883

39094 smilodon the Carver (level 13, -5/93 HPs)
             Began as a Demonspawn Fighter on Sept 6, 2022.
             Was an Initiate of Gozag.
             Succumbed to a sea snake's poison
             ... on level 5 of the Lair of Beasts.
             The game lasted 00:49:08 (19359 turns).

smilodon the Carver (Demonspawn Fighter)           Turns: 19359, Time: 00:49:09

Health: -5/93      AC: 26    Str: 20    XL:     13   Next: 67%
Magic:  13/13      EV: 10    Int: 14    God:    Gozag
Gold:   2488       SH:  6    Dex: 12    Spells: 12/12 levels left

rFire   . . .      SeeInvis +   O - +2 long sword (distort)
rCold   . . .      Faith    .   A - +2 buckler
rNeg    . . .      Spirit   .   K - +5 chain mail of Wu Jian's Esteem {Rampage rElec Will+ rCorr}
rPois   .          Reflect  .   (no helmet)
rElec   +          Harm     .   d - +2 cloak
rCorr   +          Rampage  +   g - +0 pair of gloves
Will    +....      Clarity  +   w - +0 pair of boots
Stlth   ..........              n - amulet of the acrobat
HPRegen 0.25/turn               (no ring)
MPRegen 0.13/turn               (no ring)

@: lethally poisoned (-5 -> -75), gold aura
A: thin metallic scales 3, spiny 3, see invisible, clarity, clever 1
a: Renounce Religion, Potion Petition, Call Merchant, Bribe Branch


You were on level 5 of the Lair of Beasts.
You worshipped Gozag.
Gozag was most pleased with you.
You visited 2 branches of the dungeon, and saw 15 of its levels.

You collected 3192 gold pieces.
You paid 704 gold pieces to Gozag.

Inventory:

Hand Weapons
 a - a +1 war axe
 t - a +2 dagger of electrocution
 x - a +3 dagger of venom
 y - a +0 longbow
 B - a +3 sling of freezing
 C - a +2 falchion of draining
 F - a +2 war axe of electrocution
 I - the +7 hand axe of Wu Jian's Displeasure {venom, Will+ Dex-3 SInv}
   (You found it on level 1 of the Lair of Beasts)

   It poisons the flesh of those it strikes.
   Dex:       It affects your dexterity (-3).
   SInv:      It lets you see invisible.
   Will:      It increases your willpower.
 L - the +4 long sword "Erihis" {vorpal, *Slow +Blink Int+4}
   (You found it on level 1 of the Lair of Beasts)

   It inflicts extra damage upon your enemies.
   Int:       It affects your intelligence (+4).
   +Blink:    It lets you blink.
   *Slow:     It may slow you when you take damage.
 O - a +2 long sword of distortion (weapon)
Missiles
 q - 16 poisoned darts (quivered)
 r - a throwing net
 s - 3 boomerangs
Armour
 b - a +0 scale mail
 c - a +0 buckler
 d - a +2 cloak (worn)
 e - a +0 kite shield
 g - a +0 pair of gloves (worn)
 o - a +1 leather armour of poison resistance
 w - a +0 pair of boots (worn)
 A - a +2 buckler (worn)
 K - the +5 chain mail of Wu Jian's Esteem (worn) {Rampage rElec Will+ rCorr}
   (You found it on level 10 of the Dungeon)

   rElec:     It insulates you from electricity.
   rCorr:     It protects you from acid and corrosion.
   Rampage:   It bestows one free step when moving towards enemies.
   Will:      It increases your willpower.
 V - a +0 tower shield
Jewellery
 l - an amulet of faith
 n - an amulet of the acrobat (around neck)
 Q - a ring of fire
Wands
 R - a wand of charming (4)
Scrolls
 h - 5 scrolls of noise
 i - 4 scrolls of amnesia
 j - 2 scrolls of poison
 k - 3 scrolls of immolation
 p - 6 scrolls of magic mapping
 u - 3 scrolls of identify
 v - 2 scrolls of silence
 D - 4 scrolls of enchant armour
 H - 2 scrolls of butterflies
 N - 2 scrolls of blinking
 P - a scroll of enchant weapon
 T - 2 scrolls of teleportation
Potions
 f - 3 potions of brilliance
 m - a potion of resistance
 z - 8 potions of curing
 G - 3 potions of magic
 J - 2 potions of lignification
 M - a potion of flight
 S - a potion of ambrosia {unknown}
 U - a potion of invisibility {unknown}


   Skills:
 - Level 5.7 Fighting
 - Level 7.8(11.2) Short Blades
 + Level 12.5(13.4) Long Blades
 - Level 5.0 Axes
 - Level 5.6 Ranged Weapons
 - Level 2.0 Throwing
 + Level 10.0 Armour
 + Level 9.5 Dodging
 - Level 1.0 Stealth
 - Level 3.2 Shields
 - Level 2.4 Evocations


You had 12 spell levels left.
You didn't know any spells.
Your spell library contained the following spells:

 Spells                   Type           Power      Damage    Failure   Level
 Foxfire                  Conj/Fire      0%         2x1d4     95%         1
 Shock                    Conj/Air       0%         1d3       95%         1
 Slow                     Hex            0%         N/A       95%         1
 Sting                    Tmut/Pois      0%         1d3       95%         1
 Poisonous Vapours        Pois/Air       0%         N/A       99%         2
 Confusing Touch          Hex            0%         N/A       100%        3
 Conjure Flame            Conj/Fire      0%         6-21      100%        3
 Inner Flame              Hex/Fire       0%         N/A       100%        3
 Swiftness                Air            0%         N/A       100%        3
 Vampiric Draining        Necr           0%         2d6       100%        3
 Airstrike                Air            0%         2d(0-16)  100%        4
 Flame Wave               Conj/Fire      0%         2d4       100%        4
 Fulminant Prism          Conj/Hex       0%         3d6       100%        4
 Iskenderun's Mystic Bla  Conj/Tloc      0%         2d3       100%        4
 Olgreb's Toxic Radiance  Pois           0%         N/A       100%        4
 Lee's Rapid Deconstruct  Erth           0%         3d5*      100%        5


Dungeon Overview and Level Annotations

Branches:
Dungeon (10/15)            Temple (0/1) D:6            Lair (5/5) D:8
  Swamp (0/4) Lair:3        Snake (0/4) Lair:2        Slime (0/5) Lair:5
    Orc: D:9-12

Altars:
Cheibriados
Dithmenos
Gozag
Hepliaklqana
Kikubaaqudgha
Makhleb
Nemelex Xobeh
Qazlal
Ru
Sif Muna
Yredelemnul

Shops:
D:3 (   D:4 [[   D:6 :

Annotations:
Lair:2 1 runed translucent door, Esekla's ghost, journeyman SpHW


Innate Abilities, Weirdness & Mutations

You are completely covered in thin metallic scales. (AC +4, rElec)
You are completely covered in sharp spines.
You have supernaturally acute eyesight. (SInv)
You possess an exceptional clarity of mind.
Your mind is acute. (Int +4, Str/Dex -1)


Message History

The sea snake bites you!
You hit the sea snake.
Space warps around the sea snake.
The sea snake is heavily wounded.
The sea snake bites you!
You are poisoned.
The sea snake poisons you!
You miss the sea snake.
The sea snake is heavily wounded.
You feel extremely sick. The sea snake is struck by your spines.
The sea snake barely misses you.
You slash the sea snake!
The sea snake is severely wounded.
The sea snake blinks!
You feel extremely sick.
You rampage towards the sea snake!
You feel extremely sick. The sea snake is struck by your spines.
The sea snake bites you!
* * * LOW HITPOINT WARNING * * *
You are more poisoned.
The sea snake poisons you!
You are too injured to fight recklessly!
You are too injured to fight recklessly!
You are too injured to fight recklessly!
You are too injured to fight recklessly!
You miss the sea snake.
The sea snake is almost dead.
* * * LOW HITPOINT WARNING * * *
You feel extremely sick. The sea snake is struck by your spines.
You kill the sea snake!
A blink frog comes into view.
Your Armour skill increases to level 10!
Throw: 17 darts (poison)
Press: ? - help, Q - select action, (/) - cycle Shift-Dir - straight line, f - blink frog
Aim: a blink frog (wandering, hasn't noticed you, 39% to hit)
You throw a poisoned dart.
The poisoned dart misses the blink frog.
You hear a splash.
You die...
Your body crumbles into a pile of gold.

..........~#~~~~#~~~#~~~~~~# ~
...........(#~~~~~~#~~~##~~##~~
..........~~F~..~~....~.~~~..~~
.......#.............P.........
...............................
...........###..?...$(.$...#..
.P..........##......((.....#
#..P.......###..#$(......###
.##........####.@.#......#
..#.........###$...#.......#
............##....###........
..^...........##### ..........
..............## #.......#..
...............# #..........
.....#.....#..## ...
.....##...####.# ....###.###
...


You could see a blink frog.

Vanquished Creatures
  A dire elephant (Lair:5)
  3 hydras
  3 two-headed ogres
  Nergalle (D:10)
  Pikel (D:5)
  4 sea snakes (Lair:5)
  A bog body (Lair:3)
  2 phantasmal warriors (D:10)
  3 elephants (Lair:5)
  Joseph (D:8)
  4 black mambas
  6 torpor snails
  10 cane toads
  A kobold demonologist (D:9)
  2 rime drakes
  3 komodo dragons
  2 polar bears
  Grinder (D:3)
  12 blink frogs
  Sigmund (D:4)
  A wraith (D:10)
  A shadow (D:10)
  Eustachio (D:6)
  4 wyverns
  32 yaks
  2 hogs (D:9)
  2 basilisks
  3 steam dragons
  A human (D:9)
  4 vampire mosquitoes (D:10)
  Menkaure (D:7)
  4 nagas (Lair:2)
  19 water moccasins
  Duvessa (D:4)
  5 black bears
  An orc warrior (D:9)
  2 ogres (D:5)
  3 sky beasts
  15 wolves
  3 centaurs
  A phantom (D:5)
  A kobold brigand (D:7)
  2 necrophages
  13 bullfrogs
  4 scorpions
  9 wights (D:10)
  Dowan (D:4)
  7 killer bees (D:9)
  5 howler monkeys
  A jelly (Lair:4)
  2 orc priests
  Crazy Yiuf (D:4)
  2 hounds
  5 iguanas
  A gnoll bouda (D:7)
  4 orc wizards
  11 gnolls
  11 adders
  2 white imps (D:7)
  2 ufetubi (D:5)
  A worm (D:2)
  A dart slug (D:2)
  17 orcs
  11 ball pythons
  10 endoplasms
  6 giant cockroaches
  13 goblins
  6 hobgoblins
  2 jackals (D:4)
  12 kobolds
  7 quokkas
  2 training dummies (D:6)
  5 bats
  2 frilled lizards
  7 rats
354 creatures vanquished.

Vanquished Creatures (others)
  A hornet (Lair:5)
  2 orc wizards
  An adder (D:6)
  29 fungi
  46 plants
79 creatures vanquished.

Grand Total: 433 creatures vanquished

Notes
Turn   | Place    | Note
-------+----------+-------------------------------------------
     0 | D:1      | smilodon the Demonspawn Fighter began the quest for the
                  | Orb.
     0 | D:1      | Reached XP level 1. HP: 18/18 MP: 1/1
   166 | D:1      | Gained mutation: You are partially covered in sharp spines.
                  | [demonic ancestry]
   166 | D:1      | Reached XP level 2. HP: 24/24 MP: 2/2
   313 | D:1      | Reached XP level 3. HP: 29/29 MP: 3/3
  1171 | D:2      | Gained mutation: You are mostly covered in sharp spines.
                  | [demonic ancestry]
  1171 | D:2      | Reached XP level 4. HP: 34/35 MP: 4/4
  2031 | D:3      | Noticed Grinder
  2058 | D:3      | Killed Grinder
  2059 | D:3      | Gained mutation: You are completely covered in sharp
                  | spines. [demonic ancestry]
  2059 | D:3      | Reached XP level 5. HP: 36/42 MP: 5/5
  2059 | D:3      | Reached XP level 6. HP: 41/48 MP: 6/6
  2222 | D:3      | Found Fuiwyleh's Weapon Boutique.
  2534 | D:4      | Noticed Duvessa
  2550 | D:4      | Killed Duvessa
  2551 | D:4      | Reached skill level 1 in Dodging
  2640 | D:4      | Found a runed translucent door.
  2641 | D:4      | Noticed Crazy Yiuf
  2695 | D:4      | Killed Crazy Yiuf
  2745 | D:4      | Reached skill level 5 in Axes
  2745 | D:4      | Gained mutation: You are partially covered in thin metallic
                  | scales. (AC +2) [demonic ancestry]
  2745 | D:4      | Reached XP level 7. HP: 50/53 MP: 7/7
  2982 | D:4      | Noticed Sigmund
  2987 | D:4      | Killed Sigmund
  2988 | D:4      | Reached skill level 1 in Short Blades
  2988 | D:4      | Reached skill level 1 in Evocations
  3060 | D:4      | Reached skill level 1 in Throwing
  3060 | D:4      | Reached skill level 1 in Stealth
  3082 | D:4      | Found Nuda Ekaru's Antique Armour Shop.
  3241 | D:4      | Found Umoshuut's Armour Shoppe.
  3429 | D:4      | Noticed Dowan
  3450 | D:4      | Killed Dowan
  3494 | D:4      | Found a shimmering blue altar of Sif Muna.
  3528 | D:5      | Entered Level 5 of the Dungeon
  3671 | D:5      | Reached XP level 8. HP: 56/61 MP: 8/8
  4033 | D:5      | Reached skill level 5 in Armour
  4124 | D:5      | Noticed Pikel
  4142 | D:5      | Killed Pikel
  4143 | D:5      | Reached skill level 5 in Fighting
  4143 | D:5      | Gained mutation: You are mostly covered in thin metallic
                  | scales. (AC +3) [demonic ancestry]
  4143 | D:5      | Reached XP level 9. HP: 45/68 MP: 9/9
  4275 | D:5      | You fall into a shaft and drop 1 floor!
  4369 | D:5      | Found an opulent altar of Gozag.
  4380 | D:5      | Became a worshipper of Gozag Ym Sagoz the Greedy
  4866 | D:5      | Gained mutation: You have hidden genetic defects. [potion
                  | of mutation]
  4866 | D:5      | Gained mutation: You are partially covered in large bone
                  | plates. (SH +4) [potion of mutation]
  4866 | D:5      | Gained mutation: Your mind is acute. (Int +4, Str/Dex -1)
                  | [potion of mutation]
  4866 | D:5      | Gained mutation: You have supernaturally acute eyesight.
                  | (SInv) [potion of mutation]
  4900 | D:6      | Reached skill level 5 in Short Blades
  4905 | D:6      | Found a staircase to the Ecumenical Temple.
  4912 | D:6      | Found Ger Ciry's Book Boutique.
  4915 | D:6      | Noticed Eustachio
  5216 | D:6      | Killed Eustachio
  6097 | D:7      | Gained mutation: You are frail. (-10% HP) [hidden defects]
  6140 | D:7      | Reached skill level 5 in Dodging
  6292 | D:7      | Found a shadowy altar of Dithmenos.
  6319 | D:7      | Found a sparkling altar of Nemelex Xobeh.
  6329 | D:7      | Noticed Menkaure
  6339 | D:7      | Killed Menkaure
  6766 | D:7      | Gained mutation: You occasionally lose the ability to drink
                  | potions when taking damage. [hidden defects]
  6766 | D:7      | Lost mutation: You have hidden genetic defects. [hidden
                  | defects expressed]
  6999 | D:7      | Found a sacrificial altar of Ru.
  7237 | D:8      | Noticed Joseph
  7248 | D:8      | Killed Joseph
  7249 | D:8      | Gained mutation: You are completely covered in thin
                  | metallic scales. (AC +4, rElec) [demonic ancestry]
  7249 | D:8      | Reached XP level 10. HP: 47/68 MP: 10/10
  7681 | D:8      | Noticed a death yak
  7682 | D:8      | Noticed a death yak
  7994 | D:8      | Found a staircase to the Lair.
  8078 | D:8      | Lost mutation: You are frail. (-10% HP) [potion of
                  | mutation]
  8078 | D:8      | Lost mutation: You are partially covered in large bone
                  | plates. (SH +4) [potion of mutation]
  8078 | D:8      | Lost mutation: You occasionally lose the ability to drink
                  | potions when taking damage. [potion of mutation]
  8078 | D:8      | Gained mutation: You possess an exceptional clarity of
                  | mind. [potion of mutation]
  8172 | D:8      | Noticed a death yak
  8175 | D:8      | Noticed a death yak
  8178 | D:8      | Noticed a death yak
  8178 | D:8      | Noticed a death yak
  8540 | D:9      | Reached skill level 1 in Ranged Weapons
  8624 | D:9      | Found a stormy altar of Qazlal.
  8678 | D:9      | Reached skill level 1 in Long Blades
  8943 | D:9      | Found a burning altar of Makhleb.
  8944 | D:9      | Found a hazy altar of Hepliaklqana.
  9137 | D:9      | Reached skill level 2 in Long Blades
  9392 | D:9      | Reached skill level 3 in Long Blades
  9641 | D:9      | Noticed a two-headed ogre
  9645 | D:9      | Killed a two-headed ogre
  9646 | D:9      | Reached skill level 4 in Long Blades
  9679 | D:9      | Found a basalt altar of Yredelemnul.
  9681 | D:9      | Found an ancient bone altar of Kikubaaqudgha.
  9684 | D:9      | Found a snail-covered altar of Cheibriados.
  9777 | D:10     | Entered Level 10 of the Dungeon
  9807 | D:10     | Reached XP level 11. HP: 74/80 MP: 11/11
 10103 | D:10     | Noticed a phantasmal warrior
 10122 | D:10     | Killed a phantasmal warrior
 10123 | D:10     | Reached skill level 5 in Long Blades
 10123 | D:10     | Reached skill level 5 in Ranged Weapons
 10338 | D:10     | Noticed a phantasmal warrior
 10352 | D:10     | Noticed a two-headed ogre
 10357 | D:10     | Killed a two-headed ogre
 10421 | D:10     | Noticed a two-headed ogre
 10429 | D:10     | Killed a two-headed ogre
 10700 | D:10     | Noticed Nergalle
 10715 | D:10     | Killed Nergalle
 10716 | D:10     | Reached skill level 6 in Long Blades
 10723 | D:10     | Identified the +5 chain mail of Wu Jian's Esteem {Rampage
                  | rElec Will+ rCorr}
 11407 | D:10     | Killed a phantasmal warrior
 11650 | D:10     | Noticed an eight-headed hydra
 11650 | D:10     | Noticed a two-headed ogre
 12019 | Lair:1   | Entered Level 1 of the Lair of Beasts
 12182 | Lair:1   | Identified the +7 hand axe of Wu Jian's Displeasure {venom,
                  | Will+ Dex-3 SInv}
 12192 | Lair:1   | Identified the +4 long sword "Erihis" {vorpal, *Slow +Blink
                  | Int+4}
 12289 | Lair:1   | Reached skill level 7 in Long Blades
 12333 | Lair:1   | Found the +8 whip "Snakebite" {venom, curare, rPois}
 12983 | Lair:1   | Found a snail-covered altar of Cheibriados.
 13016 | Lair:1   | Reached skill level 8 in Long Blades
 13120 | Lair:1   | Reached XP level 12. HP: 69/87 MP: 12/12
 13293 | Lair:2   | Found a staircase to the Snake Pit.
 13295 | Lair:2   | Identified the +6 quarterstaff of Soft Valour {elec, rF+}
 13582 | Lair:2   | Identified the +7 long sword of Ignis's Generosity {venom,
                  | rElec rC- Int+3}
 13986 | Lair:2   | Reached skill level 9 in Long Blades
 14253 | Lair:2   | Found a runed translucent door.
 14254 | Lair:2   | Noticed Esekla's ghost (journeyman SpHW)
 14925 | Lair:3   | Found a staircase to the Swamp.
 14937 | Lair:3   | Reached skill level 10 in Long Blades
 15391 | Lair:3   | You fall into a shaft and drop 1 floor!
 15634 | Lair:4   | Noticed a six-headed hydra
 15659 | Lair:4   | Killed a six-headed hydra
 16056 | Lair:4   | Reached XP level 13. HP: 82/93 MP: 13/13
 16637 | Lair:5   | Entered Level 5 of the Lair of Beasts
 16643 | Lair:5   | Reached skill level 11 in Long Blades
 17622 | Lair:5   | Noticed a dire elephant
 17626 | Lair:5   | Found a staircase to the Slime Pits.
 17649 | Lair:5   | Killed a dire elephant
 18097 | Lair:5   | Reached skill level 12 in Long Blades
 19359 | Lair:5   | Reached skill level 10 in Armour
 19359 | Lair:5   | Succumbed to a sea snake's poison

Illustrated notes

Levels and vault maps discovered:
D:1:      minmay_arrival_open_corners, layout_loops_ring,
          wander_ebering_terrifying_dragon_lair
D:2:      layout_loops_ring
D:3:      layout_loops_ring, serial_shops, nicolae_shop_bloodbath_and_beyond,
          uniq_grinder
D:4:      layout_loops_ring, lemuel_blue_sif_altar, serial_shops,
          nicolae_square_shop, shop_coins, uniq_crazy_yiuf_cottage,
          uniq_duvessa, uniq_sigmund
D:5:      layout_loops_ring, grunt_gozag_statues,
          chequers_serial_rivers_small_b, uniq_pikel
D:6:      dreamdust_elfheim, layout_basic, temple_pool_b, serial_shops,
          nicolae_inconvenience_store, uniq_eustachio
D:7:      kennysheep_six_static_rooms, layout_gridville,
          nicolae_ru_path_of_blood, mainiacjoe_overflow_24_doors,
          marbit_many_paths, hangedman_decor_diamond_cutter, uniq_menkaure
D:8:      layout_layer_cave, trog_hazing_becter, dpeg_lair_monsters,
          minmay_statues_item, uniq_joseph
D:9:      layout_cave_pools, mainiacjoe_overflow_alcove_1,
          nicolae_overflow_hidden_temple, serial_co_window_serial,
          co_window_cross_1, co_window_paths_a, co_window_paths_a,
          co_window_paths_b, co_window_paths_b, co_window_corner_b,
          co_window_of_opportunity_c, co_window_corner_b,
          co_window_of_opportunity_c, glass_columns_a, glass_columns_b,
          glass_columns_b, glass_columns_a, glass_columns_c, grunt_livestock,
          kennysheep_generic_room_12
D:10:     layout_basic, small_statue_alley_a, nicolae_two_hexagons,
          hellmonk_guarded_unrand_seven_league_boots, uniq_nergalle
Lair:1:   minmay_guarded_unrand_snakebite, layout_regular_city,
          kennysheep_snail_temple
Lair:2:   layout_hall_layers, guppyfry_snake_entry_garden,
          ebering_ghost_inner_flame, chequers_serial_rivers_small_a
Lair:3:   layout_regular_city, skrybe_swamp_entry_bodies, grunt_megastairs_3
Lair:4:   layout_regular_city
Lair:5:   gammafunk_lair_ancient_temple, layout_layer_cave,
          nicolae_slime_entry_slimehenge

Skill      XL: |  1  2  3  4  5  6  7  8  9 10 11 12 13 |
---------------+----------------------------------------+-----
Shields        | 3 |  3.2
Armour         | 3 4 5 6 8 10 | 10.0
Axes           | 2 4 5 |  5.0
Dodging        | 1 2 3 5 6 8 9 |  9.5
Fighting       | 4 5 |  5.7
Short Blades   | 2 4 7 |  7.8
Evocations     | 1 2 |  2.4
Throwing       | 1 2 |  2.0
Stealth        | 1 |  1.0
Ranged Weapons | 4 5 |  5.6
Long Blades    | 4 8 10 12 | 12.5

Action                   |  1- 3 |  4- 6 |  7- 9 | 10-12 | 13-15 || total
-------------------------+-------+-------+-------+-------+-------++-------
Melee: War axe           |    76 |    64 |     7 |       |       ||   147
       Punch             |       |     1 |       |       |       ||     1
       Dagger            |       |       |   281 |    22 |       ||   303
       Falchion          |       |       |       |   221 |       ||   221
       Hand axe          |       |       |       |   129 |       ||   129
       Long sword        |       |       |       |   229 |   183 ||   412
 Fire: Sling             |       |       |       |    31 |       ||    31
Throw: Dart              |       |     4 |     6 |    22 |     7 ||    39
Invok: Potion Petition   |       |       |       |     1 |       ||     1
Evoke: Wand              |       |     6 |     9 |    13 |     3 ||    31
  Use: Scroll            |     6 |     5 |     6 |     6 |     1 ||    24
       Potion            |       |     6 |     7 |     2 |     1 ||    16
 Stab: Distracted        |       |       |       |     5 |       ||     5
Armor: Scale mail        |    33 |    17 |       |       |       ||    50
       Leather armour    |       |       |    82 |    71 |       ||   153
       Chain mail        |       |       |       |   154 |   155 ||   309
Dodge: Dodged            |    29 |    24 |    93 |   294 |   263 ||   703
Block: Buckler           |    16 |       |       |   199 |   108 ||   323
       Kite shield       |       |     2 |   126 |    12 |       ||   140
